 Dungeon Crawl Stone Soup version 0.27-a0-394-g49c82dfaf2 (webtiles) character file.

Game seed: 5024290324466042077

32 greenwhat the Skirmisher (level 3, 0/34 HPs)
             Began as a Minotaur Abyssal Knight on Feb 21, 2021.
             Was a Follower of Lugonu.
             Slain by a goblin
             ... wielding a +0 dagger
             ... led by Robin
              (3 damage)
             ... on level 2 of the Dungeon.
             The game lasted 00:07:56 (925 turns).

greenwhat the Skirmisher (Minotaur Abyssal Knight)   Turns: 925, Time: 00:07:56

Health: 0/34       AC:  4    Str: 16    XL:     3   Next: 8%
Magic:  3/3        EV: 11    Int:  9    God:    Lugonu [*.....]
Gold:   57         SH:  0    Dex: 10    Spells: 2/2 levels left

rFire    . . .     SeeInvis .   a - +1 falchion
rCold    . . .     Faith    .   (no shield)
rNeg     . . .     Spirit   .   b - +0 leather armour
rPois    .         Reflect  .   (helmet restricted)
rElec    .         Harm     .   (no cloak)
rCorr    .         Rampage  .   (no gloves)
Will     .....                  g - +0 pair of boots
Stlth    +.........             (no amulet)
HPRegen  0.11/turn              (no ring)
MPRegen  0.08/turn              (no ring)

@: no status effects
A: retaliatory headbutt, horns 2
a: Renounce Religion, Depart the Abyss


You were on level 2 of the Dungeon.
You worshipped Lugonu.
Lugonu was aware of your devotion.
You visited 1 branch of the dungeon, and saw 2 of its levels.
You visited the Abyss 1 time.

You collected 57 gold pieces.

Inventory:

Hand Weapons
 a - a +1 falchion (weapon)
 e - a +0 hand axe
 f - a +0 dagger
 h - a +0 short sword
Missiles
 c - 93 stones
Armour
 b - a +0 leather armour (worn)
 g - a +0 pair of boots (worn)
Scrolls
 d - a scroll of fear {unknown}
 i - a scroll of teleportation {unknown}
 j - a scroll of immolation {unknown}


   Skills:
 + Level 4.6 Fighting
 + Level 3.0 Long Blades
 + Level 2.6 Armour
 + Level 1.1 Dodging
 + Level 1.8 Invocations


You had 2 spell levels left.
You didn't know any spells.
Your spell library was empty.

Dungeon Overview and Level Annotations

Branches:
Dungeon (2/15)

Altars:

Annotations:
D:2 Robin


Innate Abilities, Weirdness & Mutations

You reflexively headbutt those who attack you in melee.
You have a pair of horns on your head.


Message History

You hit the goblin.
The goblin is moderately wounded.
The goblin closely misses you. x2; The goblin hits you.
You barely miss the goblin.
The goblin is moderately wounded.
A goblin comes into view. It is wielding a +0 dagger. x2
The goblin hits you but does no damage. The goblin closely misses you.
You riposte.
You closely miss the goblin. You headbutt the goblin.
You kill the goblin!
Lugonu accepts your kill. The goblin closely misses you.
You have reached level 3!
Your experience leads to an increase in your attributes!
Increase (S)trength, (I)ntelligence, or (D)exterity?
Uppercase letters only, please.
You feel agile.
You slash the goblin!
You kill the goblin!
Lugonu accepts your kill. The goblin closely misses you.
The hobgoblin hits you with a +0 club.
Found a stone staircase leading down.
You closely miss the goblin. The hobgoblin hits you with a +0 club.
The goblin completely misses you.
You riposte.
You hit the goblin.
You kill the goblin!
Lugonu accepts your kill.
Unknown command.
You hit the hobgoblin but do no damage. The hobgoblin hits you with a +0 club.
* * * LOW HITPOINT WARNING * * *
Robin throws the goblin at you! The goblin misses you.
You riposte.
You hit the goblin.
The goblin is heavily wounded.
The hobgoblin hits you but does no damage.
The hobgoblin hits you with a +0 club.
* * * LOW HITPOINT WARNING * * *
You slash the goblin!
You kill the goblin!
Lugonu accepts your kill. Robin throws the goblin at you!
The goblin hits you with a +0 dagger.
You die...

#. #. # #. ..
##.## >#
####...##..
##....#...
###...#.g)# #
#....#...g@# .#
#.##...##.g##.##
#.......))g#...#
#..##.##........#
#..##.##.........
#..#.........g...
#..#..##.#....!..
#..#..##.#......#
#......†.#.#...##


You could see Robin, 2 hobgoblins and a goblin (strong).

Vanquished Creatures
  A leopard gecko (D:1)
  3 bats (D:1)
  A giant cockroach (D:1)
  9 goblins
  6 hobgoblins (D:1)
  3 kobolds (D:1)
  A frilled lizard (D:1)
  4 rats
28 creatures vanquished.

Vanquished Creatures (others)
  16 plants (D:1)
16 creatures vanquished.

Grand Total: 44 creatures vanquished

Notes
Turn   | Place    | Note
-------+----------+-------------------------------------------
     0 | Abyss:1  | greenwhat the Minotaur Abyssal Knight began the quest for
                  | the Orb.
     0 | Abyss:1  | Reached XP level 1. HP: 19/19 MP: 1/1
     0 | D:1      | Escaped the Abyss
    28 | D:1      | Reached * piety under Lugonu
   100 | D:1      | Reached skill level 4 in Fighting
   104 | D:1      | Reached XP level 2. HP: 9/27 MP: 2/2
   911 | D:2      | Noticed Robin
   920 | D:2      | Reached XP level 3. HP: 22/34 MP: 3/3
   925 | D:2      | Slain by a goblin

Illustrated notes

Levels and vault maps discovered:
D:1:      dpeg_arrival_rooms_b, layout_rooms, serial_bayou_lagoon_a,
          minmay_tromino_v4_b
D:2:      minmay_chambers_of_twos, layout_loops_ring, elyvilon_altar_4,
          uniq_robin

Skill      XL: |  1  2 |
---------------+-------+-----
Fighting       | 4 |  4.6
Long Blades    | 3 |  3.0
Armour         | |  2.6
Dodging        | |  1.1
Invocations    | |  1.8

Action                   || total
-------------------------++-------
Melee: Falchion          ||    73
       Headbutt          ||     8
Invok: Depart the Abyss  ||     1
  Use: Potion            ||     1
Armor: Leather armour    ||    12
Dodge: Dodged            ||    38
       Rpst.: Falchion   ||    12

Table legend: (Time is in decaauts)
 A = Elapsed time spent in this place.
 B = Non-inter-level travel time spent in this place.
 C = Inter-level travel time spent in this place.
 D = Time resting spent in this place.
 E = Time spent auto-exploring this place.
 F = Levels seen in this place.
 G = Mean time per level.
                   A        B        C        D        E       F      G
               +--------+--------+--------+--------+--------+-----+--------+
         Total |    957 |    957 |      0 |      0 |      0 |   3 |  319.0 |
       Dungeon |    957 |    957 |      0 |      0 |      0 |   2 |  478.5 |
         Abyss |      0 |      0 |      0 |      0 |      0 |   1 |    0.0 |
               +--------+--------+--------+--------+--------+-----+--------+

Top non-repeatable levels by time:
     D:1: 887 daAuts
     D:2: 70 daAuts
